[Event "Champions Showdown Kings Blitz 2019-B"]
[Site "Saint Louis"]
[Date "2019.02.22"]
[Round "3"]
[White "Duda, Jan-Krzysztof"]
[Black "Nakamura, Hikaru"]
[Result "0-1"]
[ECO "A18"]
[WhiteElo "2731"]
[BlackElo "2749"]
[Annotator "ChessBase"]
[PlyCount "76"]
[EventDate "2019.02.09"]
[EventType "match"]
[EventCountry "USA"]
[SourceTitle "playchess.com"]
[Source "ChessBase"]
[SourceQuality "1"]
[TimeControl "900+10"]

1. c4 Nf6 2. Nc3 e6 3. e4 d5 4. e5 d4 5. exf6 dxc3 6. bxc3 Qxf6 7. f4 c5 8. g3 Bd7 9. Bg2 Bc6 10. Nf3 Be7 11. O-O O-O 12. d4 Rd8 13. f5 exf5 14. Bg5 Qd6 15. Bf4 Qf6 16. Bc7 Rc8 17. Be5 Qg6 18. d5 Be8 19. Rb1 Nd7 20. Rxb7 Qa6 21. Qb3 Bd8 22. Rb5 Nxe5 23. Nxe5 Bxb5 24. cxb5 c4 25. Nxc4 Qf6 26. d6 Rab8 27. Bd5 Rc5 28. Ne3 Rxc3 29. Bxf7+ Kh8 30. Qd5 Bb6 31. Rxf5 Qh6 32. Kg2 Qxe3 33. d7 Rc5 34. Be8 Rxe8 35. Qf7 Rg8 36. Rf4 Qe2+ 37. Rf2 Qe4+ 38. Rf3 Rc3 0-1

[Event "Champions Showdown Kings Blitz 2019-B"]
[Site "Saint Louis"]
[Date "2019.02.22"]
[Round "8"]
[White "Nakamura, Hikaru"]
[Black "Duda, Jan-Krzysztof"]
[Result "1/2-1/2"]
[ECO "D30"]
[WhiteElo "2749"]
[BlackElo "2731"]
[Annotator "ChessBase"]
[PlyCount "133"]
[EventDate "2019.02.09"]
[EventType "match"]
[EventCountry "USA"]
[SourceTitle "playchess.com"]
[Source "ChessBase"]
[SourceQuality "1"]
[TimeControl "900+10"]

1. Nf3 d5 2. d4 Nf6 3. c4 c6 4. e3 e6 5. Nbd2 Nbd7 6. Bd3 Bd6 7. e4 e5 8. cxd5 cxd5 9. exd5 O-O 10. O-O exd4 11. Nxd4 Nb6 12. Nf5 Nbxd5 13. Nxd6 Qxd6 14. Nc4 Qc7 15. h3 Rd8 16. Qf3 b6 17. Bg5 Bb7 18. Be2 h6 19. Bxf6 Nxf6 20. Qa3 Re8 21. Ne3 Qf4 22. Rfe1 Re5 23. Ng4 Re6 24. Nxf6+ Rxf6 25. Qe3 Qxe3 26. fxe3 Re8 27. Bf1 a5 28. Rad1 g5 29. a3 Kg7 30. Rd4 Re5 31. b4 h5 32. Bd3 h4 33. Bc4 Be4 34. Bf1 Rc6 35. bxa5 bxa5 36. Bc4 Bg6 37. Bd5 Rc3 38. e4 Rxa3 39. Rf1 Rc3 40. Ra1 Rc5 41. Rda4 f5 42. Rxa5 Rxa5 43. Rxa5 fxe4 44. Ra7+ Kf8 45. Bc4 Bh5 46. Rh7 Bg6 47. Rc7 e3 48. Be2 Be4 49. Rc3 Bd5 50. Kf1 Rf5+ 51. Kg1 Re5 52. Kf1 Ke7 53. Bf3 Bxf3 54. gxf3 e2+ 55. Ke1 Kf6 56. Rc8 Re3 57. Rf8+ Kg7 58. Rf5 Kg6 59. Rf8 Re7 60. f4 g4 61. Rg8+ Rg7 62. Rh8 Rh7 63. Rg8+ Rg7 64. Rh8 gxh3 65. Rxh4 Rf7 66. Rxh3 Rxf4 67. Kxe2 1/2-1/2